Map: Prion Terraces

Players

AcerBly (Bly)

  • Race: Zerg Zerg

Lambo - Winner!

  • Race: Zerg Zerg
  • League: Grandmaster

Event: DreamHack ROCCAT LotV Championship

VOD

Have the link to the VOD?

Description

Time

  • Played on: Nov. 27, 2015, 9 a.m.
  • Length: 5:56

All games in this series

Show
View Real Time Build Order
Export as new Build Order

AcerBly Zerg 

Build Orders: Hatch First 

Get SALT Encoding   

  12  0:00  Drone  
  13  0:12  Overlord  
  13  0:19  Drone  
  14  0:30  Drone x2  
  16  0:36  Drone  
  17  0:52  Hatchery  
  16  0:57  Extractor  
  15  1:07  Spawning Pool  
  15  1:10  Drone  
  15  1:14  Drone  
  16  1:20  Drone  
  17  1:30  Drone  
  17  1:32  Overlord  
  18  1:54  Queen  
  18  1:56  Zergling x4  
  18  1:59  Metabolic Boost  
  22  2:07  Queen  
  24  2:13  Drone  
  24  2:15  Zergling x2  
  26  2:17  Zergling x2  
  28  2:22  Drone  
  28  2:34  Drone  
  29  2:43  Zergling x6  
  31  2:49  Queen  
  31  2:54  Drone x2  
  32  3:10  Roach Warren  
  32  3:11  Zergling x6  
  32  3:19  Zergling x4  
  34  3:26  Zergling x4  
  30  3:51  Roach  
  30  3:52  Roach x2  
  36  3:57  Overlord  
  36  3:59  Overlord  
  30  4:18  Roach x4  
  38  4:27  Roach x2  
  34  4:49  Roach x2  
  37  5:00  Ravager  
  38  5:08  Ravager  
  40  5:14  Zergling x6  
Show
View Real Time Build Order
Export as new Build Order

Lambo Zerg - Winner!

Build Orders: Pool First, Zergling Baneling 

Get SALT Encoding   

  12  0:01  Drone  
  13  0:12  Overlord  
  13  0:17  Drone  
  14  0:30  Drone x2  
  14  0:35  Extractor  
  15  0:36  Drone  
  16  0:46  Spawning Pool  
  15  0:50  Drone  
  15  0:55  Drone  
  17  1:17  Hatchery  
  16  1:21  Drone  
  17  1:33  Queen  
  17  1:39  Metabolic Boost  
  19  1:44  Zergling x2  
  19  1:46  Zergling x2  
  21  1:50  Zergling x2  
  22  1:57  Overlord  
  22  2:15  Queen  
  24  2:21  Zergling x2  
  24  2:22  Zergling x2  
  26  2:38  Baneling Nest  
  26  2:40  Zergling x6  
  26  2:41  Zergling x2  
  29  2:45  Zergling x4  
  31  2:51  Zergling x2  
  31  2:52  Zergling x2  
  33  3:04  Zergling x4  
  32  3:13  Zergling x4  
  34  3:22  Zergling x2  
  34  3:24  Baneling x4  
  35  3:29  Zergling x2  
  35  3:32  Overlord  
  36  3:41  Zergling x8  
  33  3:46  Zergling x2  
  34  3:53  Baneling x4  
  34  3:55  Zergling x2  
  35  4:01  Zergling x2  
  34  4:10  Zergling x6  
  36  4:17  Zergling x2  
  35  4:25  Zergling x6  
  33  4:40  Zergling x4  
  33  4:45  Zergling x6  
  32  5:00  Zergling x10  
  37  5:09  Zergling x2  
  38  5:17  Zergling x8  
  38  5:19  Baneling x2  
  42  5:22  Zergling x2  
  42  5:25  Baneling  
  42  5:26  Baneling  
  43  5:29  Zergling x2  
  40  5:36  Zergling x4  

Tags
 
Add a new tag
Caveats
  • Supply blocks, unpowered buildings, or Contaminate may cause inaccurate times.
  • Supply counts are checked every 10 seconds.